 Dungeon Crawl Stone Soup version 0.31-a0-246-g8cbcc1cb85 (webtiles) character file.

Game seed: 7992000740522182540

30 qw the Shooter (level 3, 0/21 HPs)
             Began as a Gargoyle Hexslinger on July 12, 2023.
             Slain by a goblin
             ... wielding a +0 dagger
             ... led by Robin
              (1 damage)
             ... on level 2 of the Dungeon.
             The game lasted 00:00:20 (618 turns).

qw the Shooter (Gargoyle Hexslinger)                 Turns: 618, Time: 00:00:21

Health: 0/21       AC:  8    Str: 17    XL:     3   Next: 18%
Magic:  4/4        EV: 11    Int: 13    God:
Gold:   72         SH:  0    Dex: 14    Spells: 3/4 levels left

rFire   . . .        Y - +1 sling
rCold   . . .        (no shield)
rNeg    + . .        g - +0 ring mail
rPois   inf          (no helmet)
rElec   +            (no cloak)
rCorr   .            (no gloves)
SInv    .            (no boots)
Will    .....        (no amulet)
Stlth   +            d - +6 ring of strength
HPRegen 0.23/turn    (no ring)
MPRegen 0.09/turn

%: no passive effects
@: no status effects
A: sickness immunity, AC +3, negative energy resistance 1, electricity
resistance, torment resistance 1, petrification resistance
a: no special abilities


You were on level 2 of the Dungeon.
You visited 1 branch of the dungeon, and saw 2 of its levels.

You collected 72 gold pieces.


Innate Abilities, Weirdness & Mutations

You are immune to sickness and miasma.
Your stone body is resilient. (AC +3)
You are immune to poison.
You resist negative energy. (rN+)
You are resistant to electric shocks. (rElec)
You are resistant to unholy torment.
You are immune to petrification.


   Skills:
 - Level 2.0 Fighting
 + Level 3.1 Ranged Weapons
 - Level 1.5 Dodging
 - Level 1.0 Spellcasting
 - Level 2.6 Hexes


You had 3 spell levels left.
You knew the following spells:

 Your Spells              Type           Power      Damage    Failure   Level
a - Slow                  Hex            28%        N/A       17%         1

Your spell library contained the following spells:

 Spells                   Type           Power      Damage    Failure   Level
 Inner Flame              Hex/Fire       4%         N/A       65%         3
 Portal Projectile        Hex/Tloc       8%         N/A       65%         3
 Cause Fear               Hex            3%         N/A       86%         4

Inventory:

Hand Weapons
 Y - a +1 sling (weapon)
Armour
 g - a +0 ring mail (worn)
Jewellery
 d - a +6 ring of strength (left hand)
Scrolls
 a - 2 scrolls of enchant armour

Dungeon Overview and Level Annotations

Branches:
Dungeon (2/15)

Altars:

Annotations:
D:2 Robin


Message History

You shoot a sling bullet.
The sling bullet barely misses the goblin.
Robin throws the goblin at you!
A goblin comes into view. It is wielding a +0 club.
The goblin hits you but does no damage. x2
You shoot a sling bullet.
The sling bullet closely misses the goblin.
The goblin hits you but does no damage. The goblin closely misses you.
You shoot a sling bullet. The sling bullet hits Robin.
Robin is moderately wounded.
Robin hits you but does no damage.
The goblin hits you with a +0 dagger. x2
The goblin hits you but does no damage. Robin completely misses you.
The goblin hits you but does no damage.
You shoot a sling bullet. The sling bullet barely misses Robin.
Robin hits you but does no damage.
The goblin hits you but does no damage. x2
You shoot a sling bullet. The sling bullet hits Robin.
Robin is heavily wounded.
Robin hits you with a +0 falchion. The goblin closely misses you.
The goblin hits you with a +0 dagger.
You shoot a sling bullet. The sling bullet hits Robin.
Robin is heavily wounded.
Robin roars a battlecry!
The goblins go into a battle-frenzy!
The goblin closely misses you. The goblin hits you with a +0 dagger.
Robin throws the goblin at you! The goblin misses you.
The goblin barely misses you. The goblin closely misses you.
You shoot a sling bullet.
The sling bullet hits Robin but does no damage.
Robin is heavily wounded.
Robin closely misses you. The goblin barely misses you.
The goblin completely misses you. The goblin hits you but does no damage.
You shoot a sling bullet. The sling bullet hits Robin.
Robin is severely wounded.
The goblin hits you with a +0 club. The goblin barely misses you.
The goblin closely misses you.
You shoot a sling bullet. The sling bullet hits Robin.
Robin is severely wounded.
Robin closely misses you. The goblin hits you with a +0 club.
The goblin closely misses you.
The goblin hits you with a +0 dagger. x2
You die... #.# #.# #. ### # #.### ##.## #.# .####... ...# #.. .)....## #..# #.# #..g..# #..# #.# #ggg#

#..###.# #@# ####....w.#
#g# #.....w..## #.#
#.###.##.# ##'## #.#
#.##.## #.##...## #.#
#.##.## ##.#.....##
#.###.##.##
...........###.##..##.##
###.........##........##
+.........'...........


You could see Robin and 4 goblins.

Vanquished Creatures
  2 worms
  A dart slug (D:1)
  An endoplasm (D:1)
  6 goblins
  5 hobgoblins
  A kobold (D:1)
  2 bats (D:1)
  A rat (D:1)
19 creatures vanquished.

Notes
Turn   | Place    | Note
-------+----------+-------------------------------------------
     0 | D:1      | qw the Gargoyle Hexslinger began the quest for the Orb.
     0 | D:1      | Reached XP level 1. HP: 12/12 MP: 2/2
     0 | D:1      | 0 ||| qw: Version: 0.3-a-52-g30416fa
     0 | D:1      | 0 ||| qw: Game counter: 6200
     0 | D:1      | 0 ||| qw: Melee chars always use a shield: true
     0 | D:1      | 0 ||| qw: God list: Okawaru
     0 | D:1      | 0 ||| qw: Allow faded altars: false
     0 | D:1      | 0 ||| qw: Do Orc after clearing Dungeon:15 true
     0 | D:1      | 0 ||| qw: Do second Lair branch before Depths: true
     0 | D:1      | 0 ||| qw: Lair rune preference: random
     0 | D:1      | 0 ||| qw: Goals: Normal
     0 | D:1      | 0 ||| PLANNING D:1-11
   114 | D:1      | Reached XP level 2. HP: 14/16 MP: 3/3
   422 | D:1      | Reached skill level 3 in Ranged Weapons
   423 | D:1      | 423 ||| UPGRADING to +0 ring mail.
   433 | D:1      | 433 ||| DROPPING +0 robe.
   434 | D:1      | 434 ||| UPGRADING to +6 ring of strength.
   435 | D:1      | 435 ||| READING 3 scrolls labelled FOYLIRPH TIUFID.
   436 | D:1      | 436 ||| READING scroll labelled HOQU MURAALE.
   437 | D:1      | 437 ||| DROPPING scroll of poison.
   533 | D:2      | 533 ||| FLEEEEING.
   534 | D:2      | 534 ||| FLEEEEING.
   535 | D:2      | 535 ||| FLEEEEING.
   536 | D:2      | 536 ||| FLEEEEING.
   537 | D:2      | 537 ||| FLEEEEING.
   539 | D:2      | 539 ||| FLEEEEING.
   540 | D:2      | 540 ||| FLEEEEING.
   541 | D:2      | 541 ||| FLEEEEING.
   542 | D:2      | 542 ||| FLEEEEING.
   546 | D:2      | 546 ||| FLEEEEING.
   552 | D:2      | 552 ||| STAIRDANCE
   573 | D:2      | 573 ||| STAIRDANCE
   603 | D:2      | Reached XP level 3. HP: 21/21 MP: 4/4
   608 | D:2      | Noticed Robin
   617 | D:2      | HP: 5/21 [goblin/+0 club[Robin] (6)]
   618 | D:2      | HP: 2/21 [goblin/+0 club[Robin] (3)]
   618 | D:2      | Slain by a goblin

Levels and vault maps discovered:
D:1:      lightli_arrival_statue_moat, layout_basic
D:2:      layout_loops_corners, basic_altar, nicolae_wormholes, uniq_robin

Skill      XL: |  1  2 |
---------------+-------+-----
Ranged Weapons | 3 |  3.1
Fighting       | 2 |  2.0
Dodging        | |  1.5
Spellcasting   | |  1.0
Hexes          | |  2.6

Action                     || total
---------------------------++-------
   Fire: Sling             ||    64
    Use: Scroll            ||     2
 Armour: Robe              ||     4
         Ring mail         ||    14
  Dodge: Dodged            ||    19

Table legend:
 A = Non-vault XP
 B = Vault XP
 C = Vault XP percentage of total XP
 D = Non-vault monster count
 E = Vault monster count
 F = Vault count percentage of total count
                 A         B        C        D         E       F
            +---------+---------+-------+---------+---------+-------
      Total |      21 |      22 |  51.2 |      11 |       8 |  42.1
            +---------+---------+-------+---------+---------+-------
        D:1 |      19 |       5 |  20.8 |      10 |       1 |   9.1
        D:2 |       2 |      17 |  89.5 |       1 |       7 |  87.5
            +---------+---------+-------+---------+---------+-------
